AoeStats
← Just Hhiji

Black Forest

509239730Analyzed
4v4 RM · 5d ago on Sep 26, 2026· 70m 41s· 8 players
Game mode
Random Map
Map size
Large (8 player)
Population
200
Speed
Normal
Resources
Standard
Victory
Conquest
Starting age
Dark Age
Ending age
Imperial Age
RankedLock teamsTeams togetherTeam positionsShared explorationLock speedFull tech treeHidden civsTurbo modeCheats
Victory
Defeat
🇺🇸 Byzantines · United States
1112
+11
🇦🇷 Byzantines · Argentina
1062
+13
🇮🇳 Khmer · India
1029
+14
🇩🇪 Britons · Germany
1008
+15
🇨🇴 Saxons · Colombia
1163
-19
🇲🇽 Vietnamese · Mexico
1066
-15
🇨🇴 Gurjaras · Colombia
1003
-14
🇨🇴 Saracens · Colombia
718
-5
I Chris I4718
11:18 Feudal Age
16:35 Castle Age
15:20 Double-Bit Axe
15:41 Horse Collar
19:01 Bow Saw
19:56 Heavy Plow
24:30 Gold Mining
24:30 Stone Mining
24:53 Fletching
27:31 Gold Shaft Mining
27:43 Crossbowman
30:14 Wheelbarrow
29:26 Loom
29:29 Town Watch
30:16 Ballistics
29:37 Treadmill Crane
33:50 Imperial Age
31:22 Town Patrol
32:56 Yeomen
33:26 Caravan
33:26 Bodkin Arrow
33:32 Padded Archer Armor
34:59 Conscription
35:01 Scale Barding Armor
34:58 Bracer
35:14 Leather Archer Armor
34:25 Arbalester
36:05 Hoardings
36:57 Hand Cart
37:51 Ring Archer Armor
37:29 Scale Barding Armor
37:35 Forging
39:15 Two-Man Saw
42:53 Elite Longbowman
44:03 Siege Engineers
45:01 Chemistry
44:48 Warwolf
47:30 Chain Barding Armor
47:45 Iron Casting
47:11 Scale Mail Armor
46:39 Cavalier
47:20 Husbandry
52:09 Plate Barding Armor
52:35 Blast Furnace
51:50 Chain Mail Armor
52:30 Coinage
54:48 Banking
57:48 Murder Holes
62:04 Capped Ram
Bandit
1:41 Loom
12:28 Feudal Age
13:12 Double-Bit Axe
13:09 Horse Collar
15:01 Wheelbarrow
19:43 Castle Age
17:48 Stone Mining
18:13 Gold Mining
21:31 Heavy Plow
21:37 Heavy Plow
22:58 Fortified Wall
23:39 Man-at-Arms
27:16 Imperial Age
25:23 Fletching
28:15 Hand Cart
28:19 Bodkin Arrow
32:57 Chemistry
31:26 Pikeman
33:57 Squires
33:59 Scale Mail Armor
35:01 Forging
35:13 Bow Saw
35:59 Hoardings
41:14 Iron Casting
40:43 Halberdier
41:53 Caravan
44:18 Bracer
46:02 Bombard Tower
45:29 Elite Cataphract
47:03 Greek Fire
49:04 Scale Barding Armor
49:23 Conscription
50:33 Logistica
50:51 Guilds
53:26 Chain Barding Armor
54:29 Arson
55:21 Plate Barding Armor
59:16 Chain Mail Armor
60:42 Plate Mail Armor
61:46 Coinage
64:52 Gold Shaft Mining
66:55 Banking
67:39 Two-Man Saw
67:12 Crop Rotation
Just Hhiji
13:59 Feudal Age
15:44 Loom
19:32 Castle Age
17:45 Double-Bit Axe
20:23 Bow Saw
20:54 Wheelbarrow
21:19 Fletching
22:34 Horse Collar
23:46 Bodkin Arrow
24:04 Padded Archer Armor
26:22 Leather Archer Armor
25:29 Crossbowman
30:30 Thumb Ring
31:23 Ballistics
32:11 Murder Holes
32:40 Heavy Plow
32:48 Treadmill Crane
35:03 Hand Cart
37:21 Gold Mining
37:22 Stone Mining
40:29 Imperial Age
40:36 Arbalester
41:58 Conscription
42:38 Gold Shaft Mining
43:17 Chemistry
44:37 Bracer
45:07 Ring Archer Armor
53:17 Scale Barding Armor
53:23 Forging
55:24 Iron Casting
55:10 Chain Barding Armor
55:07 Elite Cataphract
56:01 Logistica
59:20 Plate Barding Armor
60:55 Crop Rotation
63:03 Husbandry
62:24 Light Cavalry
nchan55
7:54 Loom
12:33 Feudal Age
16:10 Castle Age
16:02 Double-Bit Axe
19:25 Horse Collar
25:27 Fletching
29:03 Bodkin Arrow
30:16 Gold Mining
30:39 Heavy Plow
31:56 Redemption
36:51 Imperial Age
36:01 Wheelbarrow
38:03 Ballistics
37:39 Murder Holes
39:39 Double Crossbow
40:02 Conscription
42:28 Bow Saw
41:56 Elite Ballista Elephant
44:25 Chemistry
47:04 Bloodlines
47:06 Husbandry
54:44 Light Cavalry
55:44 Hand Cart
55:38 Scale Barding Armor
55:44 Forging
55:49 Hussar
56:36 Scale Mail Armor
56:58 Chain Barding Armor
56:43 Pikeman
58:43 Iron Casting
57:44 Halberdier
68:12 Bracer
68:49 Plate Barding Armor
69:15 Blast Furnace
68:17 Padded Archer Armor
leanrevolver
0:26 Loom
12:00 Feudal Age
16:26 Double-Bit Axe
18:07 Bloodlines
22:35 Castle Age
20:59 Horse Collar
21:14 Gold Mining
22:07 Forging
22:06 Scale Barding Armor
25:24 Wheelbarrow
26:00 Heavy Plow
27:53 Iron Casting
30:22 Gold Shaft Mining
31:20 Chain Barding Armor
36:20 Imperial Age
34:32 Town Watch
34:39 Elite Skirmisher
36:24 Bow Saw
36:50 Imperial Skirmisher
38:57 Crop Rotation
40:16 Hand Cart
43:01 Padded Archer Armor
42:52 Fletching
47:10 Leather Archer Armor
48:11 Bodkin Arrow
48:43 Ballistics
48:47 Kshatriyas
48:51 Murder Holes
52:10 Town Patrol
52:30 Thumb Ring
54:20 Bracer
55:05 Onager
60:38 Chemistry
59:32 Siege Elephant
60:51 Heavy Camel Rider
63:21 Plate Barding Armor
WikiGun
0:37 Loom
14:59 Feudal Age
19:54 Castle Age
19:25 Fletching
19:59 Double-Bit Axe
21:09 Elite Skirmisher
21:41 Horse Collar
30:54 Heavy Plow
31:39 Wheelbarrow
32:56 Bow Saw
33:22 Thumb Ring
39:31 Imperial Age
37:17 Hand Cart
36:48 Town Watch
38:35 Sanctity
40:18 Ballistics
39:55 Imperial Skirmisher
41:03 Bodkin Arrow
41:08 Padded Archer Armor
41:49 Block Printing
42:36 Crop Rotation
44:00 Two-Man Saw
44:31 Chemistry
46:59 Bracer
47:14 Leather Archer Armor
47:16 Husbandry
47:26 Bloodlines
48:03 Elite Battle Elephant
49:43 Ring Archer Armor
49:19 Scale Barding Armor
49:25 Forging
59:01 Iron Casting
58:47 Chain Barding Armor
60:54 Chatras
60:51 Gold Mining
61:31 Scale Mail Armor
65:29 Pikeman
66:10 Squires
Azzrel
0:48 Loom
13:33 Feudal Age
17:39 Castle Age
16:28 Double-Bit Axe
16:45 Horse Collar
19:12 Bow Saw
19:56 Sanctity
26:05 Redemption
27:27 Wheelbarrow
28:52 Hand Cart
34:06 Imperial Age
32:17 Gold Mining
34:20 Heavy Plow
34:11 Onager
35:48 Squires
36:31 Forging
36:22 Scale Mail Armor
36:36 Man-at-Arms
38:29 Two-Man Saw
38:07 Gold Shaft Mining
37:24 Long Swordsman
38:39 Gambesons
39:34 Iron Casting
39:15 Chain Mail Armor
38:27 Two-Handed Swordsman
39:51 Champion
40:18 Arson
43:57 Plate Mail Armor
42:51 Elite Hearth Troop
43:38 Town Watch
45:15 Shield Wall
46:16 Conscription
48:38 Siege Engineers
50:46 Masonry
61:08 Hoardings
62:51 Caravan
65:18 Elite Varangian Guard
conchetumother
1:52 Loom
11:56 Feudal Age
20:18 Castle Age
19:07 Double-Bit Axe
19:16 Gold Mining
19:21 Stone Mining
25:48 Fletching
27:11 Ballistics
32:40 Bodkin Arrow
35:57 Husbandry
39:26 Scale Barding Armor
45:16 Imperial Age
44:35 Chain Barding Armor
45:03 Forging
45:38 Bloodlines
46:11 Bow Saw
46:21 Elite Mameluke
48:33 Elite Skirmisher
50:25 Chemistry
55:23 Bimaristan
59:37 Onager
64:22 Iron Casting
Connection lost

Rejoining the realm…

Still unreachable

The connection could not be restored.

Session expired

The server has moved on; the page needs a fresh start.